 Dungeon Crawl Stone Soup version 0.32-a0-20-ge526923d97 (webtiles) character file.

Game seed: 5284808101691565683

2 croobank the Sneak (level 1, 0/18 HPs)
             Began as a Human Delver on Jan 18, 2024.
             Succumbed to an adder's poison
             ... on level 4 of the Dungeon.
             The game lasted 00:01:12 (152 turns).

croobank the Sneak (Human Delver)                    Turns: 152, Time: 00:01:12

Health: 0/18       AC:  3    Str: 12    XL:     1   Next: 30%
Magic:  1/1        EV: 12    Int: 10    God:
Gold:   23         SH:  0    Dex: 14    Spells: 0/0 levels left

rFire   . . .        b - +0 arbalest
rCold   . . .        (shield currently unavailable)
rNeg    . . .        i - +0 leather armour
rPois   .            (no helmet)
rElec   .            (no cloak)
rCorr   .            (no gloves)
SInv    .            (no boots)
Will    .....        (no amulet)
Stlth   +++          (no ring)
HPRegen 0.23/turn    (no ring)
MPRegen 0.07/turn

%: no passive effects
@: lethally poisoned (0 -> -4)
A: explore regen
a: no special abilities


You were on level 4 of the Dungeon.
You visited 1 branch of the dungeon, and saw 3 of its levels.

You collected 23 gold pieces.

Inventory:

Hand Weapons
 a - a +0 short sword
 b - a +0 arbalest (weapon)
Armour
 i - a +0 leather armour (worn)
Wands
 g - a wand of digging (3)
Scrolls
 c - a scroll of fog
 d - 2 scrolls of revelation
 h - a scroll of vulnerability {unknown}
Potions
 f - a potion of haste


   Skills:
 + Level 3.0 Fighting
 + Level 2.0 Short Blades
 + Level 2.0 Dodging
 + Level 5.0 Stealth


You couldn't memorise any spells.
You didn't know any spells.
Your spell library was empty.

Dungeon Overview and Level Annotations

Branches:
Dungeon (6/15)
 Temple: D:4-7

Altars:


Innate Abilities, Weirdness & Mutations

You regain HP and MP as you explore.


Message History

You shoot a bolt.
The bolt hits the adder but does no damage.
The adder hisses angrily.
You shoot a bolt. The bolt completely misses the adder.
You shoot a bolt. The bolt misses the adder.
The adder barely misses you. The adder bites you.
a - a +0 short sword (weapon)
The adder bites you.
You barely miss the adder. The adder misses you.
You closely miss the adder. The adder bites you.
You are poisoned.
The adder poisons you!
You hit the adder.
The adder is heavily wounded.
You feel sick. The adder misses you.
You hit the adder.
The adder is almost dead.
The adder bites you.
* * * LOW HITPOINT WARNING * * *
You are lethally poisoned!
The adder poisons you!
Okay, then.
As you read the scroll of fear, it crumbles to dust.
You assume a fearsome visage.
The adder looks frightened!
* * * LOW HITPOINT WARNING * * *
You feel sick.
b - a +0 arbalest (weapon)
* * * LOW HITPOINT WARNING * * *
You feel sick.
Fire: b) +0 arbalest
Press: ? - help, Q - select action Shift-Dir - straight line, f/p - adder
Aim: an adder (almost dead, fleeing, 29% to hit)
You shoot a bolt. The bolt closely misses the adder.
* * * LOW HITPOINT WARNING * * *
You feel sick.
Fire: b) +0 arbalest
Press: ? - help, Q - select action Shift-Dir - straight line, f/p - adder
Aim: an adder (almost dead, fleeing, 29% to hit)
You shoot a bolt. The bolt barely misses the adder.
You die...

############## #######
.............#####......
........................
............~≈≈~.~~~~~..
.S.....@....~≈≈~.~~≈≈~..
............~~≈~.≈≈≈≈~..
.######.....~≈≈~.~≈~~~..
#.....~~≈~........
#...........~≈~~..
#.....≈≈~~~.≈≈≈~..
#.....~≈≈≈~.~≈≈~..
#.....≈≈≈≈≈.~≈≈~..
#+########.≈≈~~~.~~~~..


You could see an adder (fleeing).

Vanquished Creatures
  An endoplasm (D:4)
  A ball python (D:4)
2 creatures vanquished.

Notes
Turn   | Place    | Note
-------+----------+-------------------------------------------
     0 | D:5      | croobank the Human Delver began the quest for the Orb.
     0 | D:5      | Reached XP level 1. HP: 18/18 MP: 1/1
    14 | D:6      | Noticed an iguana
    15 | D:6      | Noticed an ogre
    15 | D:6      | Noticed an iguana
   152 | D:4      | Succumbed to an adder's poison

Illustrated notes

Levels and vault maps discovered:
D:4:      layout_gridville, nemelex_diamond_rough_becter,
          minmay_temple_entry_butterflies, gammafunk_ghost_nasty_kobolds,
          minivault_14
D:5:      layout_loops_cross, kennysheep_mini, minivault_14, st_stairs_11,
          lemuel_flamethrower_2
D:6:      layout_basic, cheibrodos_sewer_entry_bend, serial_bayou,
          serial_bayou_lagoon_a, serial_bayou_lake_a, serial_bayou_pond_d,
          serial_bayou_crossing, serial_shops, shop, st_stairs_3

Action                     || total
---------------------------++-------
  Melee: Short sword       ||     4
   Fire: Arbalest          ||     8
    Use: Scroll            ||     1
 Armour: Leather armour    ||     4
  Dodge: Dodged            ||     3

Table legend: (Time is in decaauts)
 A = Elapsed time spent in this place.
 B = Non-inter-level travel time spent in this place.
 C = Inter-level travel time spent in this place.
 D = Time resting spent in this place.
 E = Time spent auto-exploring this place.
 F = Levels seen in this place.
 G = Mean time per level.
                   A        B        C        D        E       F      G
               +--------+--------+--------+--------+--------+-----+--------+
         Total |    159 |    153 |      6 |      0 |     69 |   3 |   53.0 |
       Dungeon |    159 |    153 |      6 |      0 |     69 |   3 |   53.0 |
               +--------+--------+--------+--------+--------+-----+--------+

Top non-repeatable levels by time:
     D:4: 83 daAuts
     D:5: 50 daAuts
     D:6: 24 daAuts
